Cogmind - Beta 11 @@@ ROGUE MODE // 2022.04.16 @ 15:19:23 Player: RNGesus Result: Destroyed by as-24467 with Assembled Heavy Rifle Performance ------------- Evolutions (0) 0 Regions Visited (2) 400 Robots Destroyed (21) 105 Value Destroyed (364) 364 Prototype IDs (0) 0 Alien Tech Used (0) 0 Bonus (0) 0 TOTAL SCORE: 869 Bonus ------- None Cogmind --------- Core Integrity 0/250 Matter 300/300 Energy 265/265 System Corruption 8% Temperature Cool (0) Movement Rolling (175) Ox5 Location -10/Mines Parts ------- > --- POWER (1) -------- Improved Ion Engine > --- PROPULSION (2) --- Compact Wheel > --- UTILITY (2) ------ Huge Storage Unit > --- WEAPON (2) ------- Heavy Hammer > --- INVENTORY (25) --- Improved Ion Engine Disposable Heat Sink Disposable Heat Sink High-capacity Storage Unit Peak State ------------ > --- POWER ------------ Improved Ion Engine > --- PROPULSION ------- Light Treads Light Treads > --- UTILITY ---------- Improved Heat Sink High-capacity Storage Unit > --- WEAPON ----------- Light Assault Rifle Heavy Hammer > --- INVENTORY -------- Improved Ion Engine Improved Ion Engine Compact Wheel Huge Storage Unit EM Pulse Gun [Rating: 11] Favorites ----------- Power Light Ion Engine Engine Light Ion Engine Propulsion Light Treads Treads Light Treads Wheel Compact Wheel Utility High-capacity Storage Unit Device Improved Heat Sink Storage High-capacity Storage Unit Weapon Small Laser Energy Gun Small Laser Ballistic Gun Assault Rifle Impact Weapon Heavy Hammer Build | -11 -10 -10 ------- Run | Scr Mat Min Slots Evolved . | . . . Power . | . . . Propulsion . | . . . Utility . | . . . Weapon . | . . . Parts Attached 21 | 6 10 5 Power 3 | 1 1 1 Engine 3 | 1 1 1 Core . | . . . Reactor . | . . . Propulsion 5 | 2 1 2 Treads 4 | 2 1 1 Leg . | . . . Wheel 1 | . . 1 Hover . | . . . Flight . | . . . Utility 5 | 1 3 1 Device 1 | . 1 . Storage 4 | 1 2 1 Processor . | . . . Hackware . | . . . Protection . | . . . Artifact . | . . . Weapon 8 | 2 5 1 Energy Gun 4 | 1 3 . Energy Cannon . | . . . Ballistic Gun 2 | 1 1 . Ballistic Cannon . | . . . Launcher . | . . . Special Weapon . | . . . Impact Weapon 2 | . 1 1 Slashing Weapon . | . . . Piercing Weapon . | . . . Special Melee Weapon . | . . . Unidentified Prototypes . | . . . Parts Lost 11 | . 4 7 Power 2 | . 1 1 Propulsion 4 | . 1 3 Utility 1 | . . 1 Weapon 4 | . 2 2 Highest Loss Streak 6 | . 4 6 To Critical Strikes . | . . . Average Slot Usage (%) 89 | . 89 93 Engine 13 | . 13 14 Treads 27 | . 28 24 Device 5 | . 4 11 Storage 14 | . 14 14 Energy Gun 13 | . 13 10 Ballistic Gun 13 | . 13 11 Naked Turns . | . . . Heaviest Build 90 | 11 52 90 Greatest Support 40 | 40 40 40 Greatest Overweight (x) 5 | 3 1 5 Average Overweight (x) 1 | . . 1 Largest Inventory Capacity 25 | 8 20 25 Average Capacity 19 | 7 19 20 Most Carried 9 | 3 9 8 Average Carried 5 | 2 5 7 Final Capacity 25 | 8 20 25 Final Carried 8 | 3 8 4 Class Distribution -------------------- 100% | Mutant Dominant Class ---------------- Mutant | -10/Materials Mutant | -10/Mines Resources | -11 -10 -10 ----------- Run | Scr Mat Min Matter Collected 597 | 176 363 58 Remotely . | . . . Salvage Created 799 | 64 579 156 Parts 46 | 8 32 6 Haulers Intercepted 2 | . 2 . Recyclers Shooed 3 | . 3 . Parts Field Recycled . | . . . Retrieved Matter . | . . . Parts Self-Destructed . | . . . Prevented . | . . . Kills | -11 -10 -10 ------- Run | Scr Mat Min Combat Hostiles Destroyed 21 | . 12 9 Melee 4 | . . 4 Guns 17 | . 12 5 Classes Destroyed 9 | 1 6 2 Worker 1 | . 1 . Builder 1 | . . 1 Tunneler 3 | 3 . . Hauler 2 | . 2 . Recycler 1 | . 1 . Operator 1 | . 1 . Swarmer 5 | . 5 . Grunt 7 | . 7 . Assembled 9 | . . 9 Best Kill Streak 7 | 2 3 7 Combat Bots Only 7 | . 3 7 Max Kills in Single Turn 1 | 1 1 1 Gunslinging . | . . . Exploded . | . . . Melee 1 | . . 1 Uniques/NPCs Destroyed . | . . . Combat | -11 -10 -10 -------- Run | Scr Mat Min Damage Taken 1413 | . 663 750 Core 256 | . 113 143 Absorbed by Shields . | . . . Core Remaining (%) 100 | 100 . . Volleys Fired 90 | 6 63 21 Largest 2 | 2 2 2 Hottest 60 | 60 60 60 Shots Fired 165 | 12 111 42 Gun 165 | 12 111 42 Cannon . | . . . Launcher . | . . . Special . | . . . Kinetic 88 | 6 61 21 Thermal 51 | 6 45 . Explosive . | . . . Electromagnetic 26 | . 5 21 Robot Hit Streak 6 | 3 6 5 Robot Miss Streak 4 | 2 2 4 Penetration Max . | . . . Secondary Targets 1 | . . 1 Max Gunslinging Chain 1 | . . 1 Shots Hit Robots 103 | 7 70 26 Core Hits 52 | 3 28 21 Critical Kills 2 | . . 2 Critical Parts Destroyed . | . . . Critical Strikes 2 | . . 2 Smash 2 | . . 2 Melee Attacks 7 | . 2 5 Impact 7 | . 2 5 Slashing . | . . . Piercing . | . . . Sneak Attacks . | . . . Combat Hostiles . | . . . Follow-up Attacks . | . . . Damage Inflicted 1258 | 78 848 332 Guns 1132 | 78 848 206 Cannons . | . . . Explosions 20 | . . 20 Melee 106 | . . 106 Ramming . | . . . Kinetic 552 | 46 424 82 Thermal 433 | 32 381 20 Explosive . | . . . Electromagnetic 167 | . 43 124 Impact 106 | . . 106 Slashing . | . . . Piercing . | . . . Highest Corruption 8 | . 2 8 Average Corruption 2 | . 2 3 Corruption Purged . | . . . Corruption Blocked . | . . . Effects 21 | . 16 5 Message Errors 3 | . 1 2 Matter Fused 6 | . 5 1 Heat Flow Errors 4 | . 3 1 Energy Discharges 2 | . 2 . Parts Rejected 1 | . 1 . Data Loss (minor) 2 | . 2 . Data Loss (major) 1 | . 1 . Misfires 1 | . . 1 Alerts 1 | . 1 . Overload Shots . | . . . Overflow Damage . | . . . Projectiles . | . . . Explosions . | . . . Melee . | . . . Knockbacks . | . . . Impact . | . . . Kinetic . | . . . Secondary . | . . . Self-Inflicted Damage 24 | . . 24 Shots 1 | . . 1 Rammed . | . . . Targets Rammed . | . . . Kicked . | . . . Crushed . | . . . Highest Temperature 310 | . 310 111 Average Temperature 70 | . 71 49 Received Heat Transfer 358 | . 318 40 Effects 1 | . 1 . Interference 1 | . 1 . Siege Activations . | . . . Robots Corrupted . | . . . Combat Hostiles . | . . . Parts Fried . | . . . Impact Corruptions . | . . . Robots Melted . | . . . Combat Hostiles . | . . . Parts Melted . | . . . Heat Transferred 900 | 75 825 . Parts Sabotaged . | . . . Parts Stolen . | . . . Parts Stripped . | . . . Power Chain Reactions 1 | . . 1 Missiles Intercepted . | . . . Alert | -11 -10 -10 ------- Run | Scr Mat Min Peak Influence 270 | 15 270 23 Initial 9 | . 9 . Average 65 | 6 81 8 Maximum Alert Level 1 | . 1 . Low Security (%) 95 | 100 94 100 Level 1 4 | . 5 . Level 2 . | . . . Level 3 . | . . . Level 4 . | . . . Level 5 . | . . . High Security . | . . . Max Security . | . . . Squads Dispatched 3 | . 3 . Investigation 1 | . 1 . Extermination . | . . . Reinforcement 2 | . 2 . Assault . | . . . Garrison . | . . . Intercept . | . . . Searches Triggered . | . . . Construction Impeded . | . . . Haulers Reinforced . | . . . Active Scanning Responses . | . . . Cargo Convoy Interrupts . | . . . Stealth | -11 -10 -10 --------- Run | Scr Mat Min Distress Signals 3 | . 3 . Communications Jammed . | . . . Distress Signals . | . . . Times Spotted 39 | . 27 12 Peak Tracking Total 6 | . 5 6 Tactical Retreats 5 | . 4 1 Traps | -11 -10 -10 ------- Run | Scr Mat Min Traps Triggered 2 | . 2 . Indirectly . | . . . Trap Hack Attempts . | . . . Triggered . | . . . Disarmed . | . . . Reprogrammed . | . . . Reused . | . . . Traps Extracted . | . . . Installed . | . . . Triggered . | . . . Machines | -11 -10 -10 ---------- Run | Scr Mat Min Machines Disabled 1 | . 1 . Max in Single Turn 1 | . 1 . Machines Sabotaged . | . . . Garrisons Compromised . | . . . Overloaded Fab Kills . | . . . Hacking | -11 -10 -10 --------- Run | Scr Mat Min Machines Accessed 4 | . 4 . Terminals 4 | . 4 . Fabricators . | . . . Repair Stations . | . . . Recycling Units . | . . . Scanalyzers . | . . . Garrison Access . | . . . Total Hacks 12 | . 12 . Successful 3 | . 3 . Failed 8 | . 8 . Catastrophic 1 | . 1 . Database Lockouts 1 | . 1 . Manual 9 | . 9 . Terminals 12 | . 12 . Fabricators . | . . . Repair Stations . | . . . Recycling Units . | . . . Scanalyzers . | . . . Garrison Access . | . . . Terminal Hacks 3 | . 3 . Robot Analysis 1 | . 1 . Alert Level 1 | . 1 . Unreport Threat 1 | . 1 . Fabricator Hacks . | . . . Repair Station Hacks . | . . . Recycling Unit Hacks . | . . . Scanalyzer . | . . . Garrison Access Hacks . | . . . Unauthorized Hacks . | . . . Terminals . | . . . Fabricators . | . . . Repair Stations . | . . . Recycling Units . | . . . Scanalyzers . | . . . Garrison Access . | . . . Data Cores Recovered . | . . . Used . | . . . Hacking Detections 4 | . 4 . Full Trace Events . | . . . Feedback Events . | . . . Feedback Blocked . | . . . Robot Schematics Acquired . | . . . Robots Built . | . . . Authchips . | . . . Time . | . . . Total Robot Build Rating . | . . . Part Schematics Acquired . | . . . Parts Built . | . . . Authchips . | . . . Time . | . . . Total Part Build Rating . | . . . Parts Repaired . | . . . Time . | . . . Parts Recycled . | . . . Recycled Matter . | . . . Retrieved Matter . | . . . Retrieved Components . | . . . Parts Scanalyzed . | . . . Part Schematics Acquired . | . . . Parts Damaged . | . . . Bothacking | -11 -10 -10 ------------ Run | Scr Mat Min Used RIF Installer . | . . . Robots Hacked . | . . . Non-combat . | . . . Combat . | . . . Robot Hacks Applied . | . . . Relay Couplers Released . | . . . Fabnet Peak Effective % . | . . . Robots Rewired . | . . . Allies Hacked . | . . . Hacks Repelled . | . . . Allies | -11 -10 -10 -------- Run | Scr Mat Min Total Allies . | . . . Largest Group . | . . . Highest-Rated Group . | . . . Highest-Rated Ally . | . . . Total Orders . | . . . Ally Attacks . | . . . Total Damage . | . . . Kills . | . . . Allies Corrupted . | . . . Allies Melted . | . . . Intel | -11 -10 -10 ------- Run | Scr Mat Min Robot Analysis Total 1 | . 1 . Derelict Logs Recovered . | . . . Drone Launches . | . . . Drone Recoveries . | . . . Exploration | -11 -10 -10 ------------- Run | Scr Mat Min Turns Passed 2241 | 165 1761 315 Spaces Moved 836 | 87 645 104 Core 18 | 18 . . Treads 796 | 69 645 82 Legs . | . . . Wheels 22 | . . 22 Hover . | . . . Flight . | . . . Fastest Speed 50 | 50 160 175 Average Speed 228 | 156 237 226 Slowest Speed 240 | 200 240 240 Overloaded Moves . | . . . Propulsion Burnouts . | . . . Robots Hopped . | . . . Cave-ins Triggered . | . . . Exploration Rate (%) 42 | 5 94 29 Regions Visited 2 Branch Regions 1 Pre-discovered Areas . | . . . Known Exits Taken . | . . . Unknown Exits Taken 2 | 1 1 . Scrap Searched 1 | . . 1 Spaces Dug 2 | . 2 . Terrain Destroyed 8 | . 2 6 Melee 2 | . 2 . Projectile . | . . . AOE 6 | . . 6 Terrain Rammed . | . . . Walls Destroyed . | . . . Machines Disabled . | . . . Actions | -11 -10 -10 --------- Run | Scr Mat Min Total 999 | 101 761 137 Wait 28 | . 26 2 Move 834 | 86 644 104 Hop . | . . . Pick Up 14 | 3 11 . Fast Attach 9 | 6 3 . Attach 9 | . 5 4 Detach 2 | . 2 . Swap 3 | . 2 1 Drop 3 | . 3 . Fire 90 | 6 63 21 Melee 7 | . 2 5 Ram . | . . . Kick . | . . . Crush . | . . . Escape Stasis . | . . . Rewire . | . . . Trap . | . . . Miscellaneous . | . . . Route ------- -11/Scrapyard -10/Materials (discovered 3 exits: [*Mat x2] / [*Min]) -10/Mines History --------- Turn | Location | Event 32 | -11/Scrapyard | Discovered new exit (range 15) 166 | -11/Scrapyard | Entered Materials 299 | -10/Materials | Discovered new exit (range 8) 314 | -10/Materials | Build established: Mutant 750 | -10/Materials | Central database locked down 760 | -10/Materials | Discovered new exit (range 6) 1389 | -10/Materials | Lost 4 parts (1p1n2w) 1811 | -10/Materials | Discovered new exit (range 15) 1927 | -10/Materials | Entered Mines 1963 | -10/Mines | Met a Derelict bent on vengeance 2107 | -10/Mines | Assembled infested the area 2157 | -10/Mines | Core integrity fell below 50% 2186 | -10/Mines | Core integrity fell below 20% 2213 | -10/Mines | Destroyed 7 combat bots 2216 | -10/Mines | Lost 6 parts (1p2n1u2w) 2242 | -10/Mines | Destroyed by as-24467 with Assembled Heavy Rifle Last Messages --------------- 02187_ as-74457 destroyed. 02188_ Acquired 10 matter. 02190_ Acquired 2 matter. 02192_ as-64740 suffers critical hit (Smash). 02192_ as-64740 destroyed. 02195_ Acquired 8 matter. 02197_ System corrupted: Heat flow error (+130). 02213_ VH NRI=A3ANT=YD%6YRWA:>:8 02221_ An audio recording is triggered: "If you're looking for Megawrench, sorry but we're not in our cave right now, after essentially being evicted by all these Unaware tunnelers." 02224_ "Blame H1-IDC, who apparently didn't care about the consequences of repeatedly making a mess in Materials. Shooting at robots and generally destroying stuff raised the alert level high enough to trigger assault squads over in the main complex, and they later decided the best way to defend their interests would be to start expanding in this direction." 02234_ Lgt. Treads destroyed. 02235_ as-53990 suffers critical hit (Smash). 02235_ as-53990 destroyed. 02237_ as-07718 destroyed. Map ----- +----------------------------------------------------+ | ??????????????????????????????? | | ??????????????????????????????? | | ??????????????????????????????? | | ??????????????????????????????? | | ??????????????????????????????? | | ??????????????????????????????? | | ??????????????????????????????? | | ?????????????????????????? ???? | | ?????????????????????????? ???? | | ?????????????????????????? ???? | | ?????? ??????????????????? ???# | | ?????? ??????????????????? ???# | | ?????? ??????????????????? ??## | | ?????? ??????????????????? #?? | | ?????? ??????????????????# ?? | | ?????? ??????????????????# #??? | | ???### ??????????????????# #??? | | ??## ??????????????????# #??? | | ??# ??????????????????# #??? | | ??# ??????????????????# #??? | | ??# #??????????????????# #??? | | ??# #?????###?????###### #??? | | ?## #????? #?????#!%% #### | | ?# ##????# #?????#=#### # | | ?# a%##???# #?#####!#??# | | ?# @ #####%###*% #??## | | ??# %%|%!#####???## | | ??##### ##########????????## | | ??????####??????????????????# | | ????????????????????????????# | | ????????????????????????????### | | ??????????????????????????????? | | ??????????????????????????????? | | ??????????????????????????????? | | ??????????????????????????????? | | ??????????????????????????????? | | ??????????????????????????????? | | ??????????????????????????????? | | ??????????????????????????????? | | ??????????????????????????????? | | ??????????????????????????????? | | ??????????????????????????????? | | ??????????????????????????????? | | ??????????????????????????????? | | | | | | | | | | | | | +----------------------------------------------------+ Best States ------------- Heat Dissipation 39 Energy Generation 12 Energy Capacity 265 Matter Stores 300 Matter Capacity 300 Sight Range 16 Terrain Scan Density 10 Evasion (%) 40 Recoil Reduction 2 Item Schematics ----------------- None Robot Schematics ------------------ None Fabricated ------------ Nothing Alien Tech Used ----------------- None Achievements -------------- None Challenges ------------ None Game ------ Seed UtilityQuantumSword Manual? 0 Play Time 00:08:24 Cumulative 334.3 hours Start 2022.04.16 @ 15:12:18 End 2022.04.16 @ 15:19:23 Sessions 1 Manual Loads 0 Difficulty Rogue Special Mode None Game No. 487 Rogue 487 Adventurer 0 Explorer 0 Win Type - Total 6 Types 4/0/1/1/0/0/0/0/0 Lore% 81 Gallery% 84 Achievement% 66 Wizard Run 0 Options --------- ASCII 0 Keyboard 1 Movement Numpad Keybinds 0 Fullscreen 2 Font 24/Smallcaps Map View 76x50 Tactical HUD 1 Map Filters NONE Filters NONE Steam 1 RUN: d3cd781f-6ea3-49d7-9bc0-9f5f6c9e97fe